AoeStats
← DRIZZLOT

QS Arena

503481204Analyzed
2v2 RM · 1mo ago on Aug 31, 2026· 26m 10s· 4 players
Game mode
Random Map
Map size
Medium (4 player)
Population
200
Speed
Normal
Resources
Standard
Victory
Conquest
Starting age
Dark Age
Ending age
Imperial Age
RankedLock teamsTeams togetherTeam positionsShared explorationLock speedFull tech treeHidden civsTurbo modeCheats
Victory
Defeat
🇦🇷 Vietnamese · Argentina
1083
+12
🇦🇷 Japanese · Argentina
976
+17
🇦🇷 Bulgarians · Argentina
1000
-44
🇦🇷 Franks · Argentina
1000
-44
bizcarrita9446
14:13 Feudal Age
20:11 Double-Bit Axe
DRIZZLOT
11:17 Feudal Age
15:11 Wheelbarrow
25:02 Bloodlines
MAGICO
9:19 Feudal Age
14:14 Castle Age
20:52 Imperial Age
21:37 Wheelbarrow
21:39 Arson
21:56 Squires
23:06 Horse Collar
24:24 Double-Bit Axe
walter toffys
8:31 Feudal Age
10:41 Loom
13:05 Castle Age
11:20 Double-Bit Axe
13:23 Gold Mining
13:17 Horse Collar
14:06 Bow Saw
16:20 Loom
19:29 Stone Mining
20:35 Scale Mail Armor
21:43 Chain Mail Armor
21:38 Forging
22:40 Wheelbarrow
22:30 Heavy Plow
23:36 Forging
23:20 Town Watch
24:10 Hand Cart
25:10 Squires
24:55 Arson
25:48 Iron Casting
28:36 Imperial Age
Connection lost

Rejoining the realm…

Still unreachable

The connection could not be restored.

Session expired

The server has moved on; the page needs a fresh start.